 Dungeon Crawl Stone Soup version 0.28.0-53-g5a82cb258f (webtiles) character file.

Game seed: 5914853960995698355

263 DojiSuave the Covered (level 5, 0/47 HPs)
             Began as a Minotaur Fighter on May 26, 2022.
             Was a Believer of Vehumet.
             Killed by nerve-wracking pain
             ... invoked by an orc priest
              (14 damage)
             ... on level 3 of the Dungeon.
             The game lasted 00:13:02 (2577 turns).

DojiSuave the Covered (Minotaur Fighter)            Turns: 2577, Time: 00:13:03

Health: 0/47       AC: 10    Str: 22 (25) XL:     5   Next: 97%
Magic:  4/4        EV:  9    Int:  5      God:    Vehumet [**....]
Gold:   144        SH:  4    Dex:  7 (9)  Spells: 4/4 levels left

rFire   . . .      SeeInvis .   a - +0 war axe
rCold   . . .      Faith    +   c - +0 buckler
rNeg    . . .      Spirit   .   m - +3 scale mail of the Hurricane {+Blink rElec Str+2 Stlth-}
rPois   .          Reflect  .   (helmet restricted)
rElec   +          Harm     .   (no cloak)
rCorr   .          Rampage  .   (no gloves)
Will    .....                   (no boots)
Stlth   ..........              h - amulet of faith
HPRegen 0.15/turn               (no ring)
MPRegen 0.09/turn               (no ring)

@: no status effects
A: horns 2, retaliatory headbutt
a: Renounce Religion, Evoke Blink


You were on level 3 of the Dungeon.
You worshipped Vehumet.
Vehumet was pleased with you.
You visited 1 branch of the dungeon, and saw 3 of its levels.
You also visited: Sewer.

You collected 144 gold pieces.

Inventory:

Hand Weapons
 a - a +0 war axe (weapon)
 l - a +2 mace of protection
Missiles
 e - 45 stones (quivered)
Armour
 b - a +0 scale mail
 c - a +0 buckler (worn)
 m - the +3 scale mail of the Hurricane (worn) {+Blink rElec Str+2 Stlth-}
   (You found it on level 2 of the Dungeon)

   Str:       It affects your strength (+2).
   rElec:     It insulates you from electricity.
   +Blink:    It lets you blink.
   Stlth:     It makes you less stealthy.
Jewellery
 h - an amulet of faith (around neck)
Wands
 o - a wand of flame (13)
Scrolls
 i - a scroll of vulnerability {unknown}
 j - 2 scrolls of teleportation {unknown}
 k - 5 scrolls of identify {unknown}
 p - a scroll of noise
 q - a scroll of summoning {unknown}
Potions
 d - 2 potions of might
 f - 2 potions of brilliance {unknown}
 g - a potion of heal wounds {unknown}
 n - a potion of lignification {unknown}


   Skills:
 + Level 4.6 Fighting
 + Level 4.7 Axes
 + Level 5.3 Armour
 + Level 1.5 Dodging
 + Level 0.3 Stealth
 + Level 4.3 Shields


You had 4 spell levels left.
You didn't know any spells.
Your spell library was empty.

Dungeon Overview and Level Annotations

Branches:
Dungeon (3/15)              Sewer (visited)

Altars:
Makhleb
Vehumet


Innate Abilities, Weirdness & Mutations

You have a pair of horns on your head.
You reflexively headbutt those who attack you in melee.


Message History

You kill the ball python!
Vehumet accepts your kill.
You slash the endoplasm!
You kill the endoplasm!
Vehumet accepts your kill.
You closely miss the adder. The adder bites you. The adder barely misses you.
You barely miss the adder. The adder bites you but does no damage.
You completely miss the adder. The adder bites you but does no damage.
The adder barely misses you.
You barely miss the adder. Your headbutt misses the adder.
You block the adder's attack. The adder bites you but does no damage.
You hit the adder.
The adder is lightly wounded.
The adder barely misses you.
You miss the adder. Your headbutt misses the adder.
The adder is lightly wounded.
The adder bites you but does no damage. The adder bites you.
You slash the adder!
You kill the adder!
Vehumet accepts your kill.
Things that are here:
an adder corpse; a ball python corpse An orc comes into view.
It is wielding a +0 hand axe.
The orc shouts!
An orc priest comes into view. It is wielding a +0 dagger.
An orc comes into view. It is wielding a +0 dagger.
The orc priest shouts!
You hear a shout!
An orc comes into view. It is wielding a +0 falchion.
The orc hits you with a +0 hand axe.
* * * LOW HITPOINT WARNING * * *
The orc hits you but does no damage. x2
You hit the orc.
The orc is severely wounded.
You slash the orc!
You kill the orc!
Vehumet accepts your kill.
You hit the orc priest.
The orc priest calls down the wrath of Beogh upon you.
Pain shoots through your body!
You die...

........##'####.......##.
........##.# #.......##.
........†..# #.......##.
........#### ##########.
........### #.
..........# #.
..........# ##
.......)..###### #######
..####..@o...... #......
.. #...oo..... #......
#.......... #......
#.......... #......
###........ #......
#........ #......
#........ #......
#........ #...... #......


You could see an orc priest and 2 orcs.

Vanquished Creatures
  A kobold brigand (Sewer)
  An orc priest (D:3)
  9 adders
  A river rat (Sewer)
  5 worms
  6 orcs (D:3)
  12 ball pythons
  5 endoplasms
  5 goblins
  A hobgoblin (D:3)
  10 kobolds
  2 quokkas
  8 bats
  2 frilled lizards (D:1)
  3 rats
71 creatures vanquished.

Notes
Turn   | Place    | Note
-------+----------+-------------------------------------------
     0 | D:1      | DojiSuave the Minotaur Fighter began the quest for the Orb.
     0 | D:1      | Reached XP level 1. HP: 19/19 MP: 0/0
   147 | D:1      | Reached XP level 2. HP: 27/27 MP: 1/1
   433 | D:1      | Found a faded altar of an unknown god.
   439 | D:1      | Prayed at the altar of an unknown god.
   439 | D:1      | Became a worshipper of Vehumet
   439 | D:1      | Reached * piety under Vehumet
   439 | D:1      | Offered knowledge of Shock by Vehumet.
   932 | D:2      | Found a burning altar of Makhleb.
   938 | D:2      | Reached XP level 3. HP: 28/33 MP: 2/2
  1021 | D:2      | Reached skill level 4 in Armour
  1151 | D:2      | Identified the +3 scale mail of the Hurricane {+Blink rElec
                  | Str+2 Stlth-}
  1262 | D:2      | Reached XP level 4. HP: 11/40 MP: 3/3
  1541 | D:3      | Reached ** piety under Vehumet
  1541 | D:3      | Offered knowledge of Searing Ray by Vehumet.
  1747 | D:3      | Found a glowing drain.
  1794 | Sewer    | Entered a sewer
  1804 | Sewer    | Noticed a kobold brigand
  1820 | Sewer    | Killed a kobold brigand
  1821 | Sewer    | Reached skill level 5 in Armour
  1821 | Sewer    | Reached skill level 1 in Dodging
  1821 | Sewer    | Reached XP level 5. HP: 6/47 MP: 4/4
  2520 | D:3      | Offered knowledge of Inner Flame by Vehumet.
  2577 | D:3      | Killed from afar by an orc priest

Illustrated notes

Levels and vault maps discovered:
D:1:      amcnicky_arrival_gap_in_the_tavern_cellar, layout_loops_ring,
          ebering_ecumenical_altar_hall, nrook_loot_triangle
D:2:      layout_loops_cross, basic_altar
D:3:      layout_basic, cheibrodos_sewer_entry_bend, minmay_close_crescents

Skill      XL: |  1  2  3  4 |
---------------+-------------+-----
Fighting       | 4 |  4.6
Shields        | 4 |  4.3
Axes           | 3 4 |  4.7
Armour         | 4 5 |  5.3
Dodging        | 1 |  1.5
Stealth        | |  0.3

Action                   |  1- 3 |  4- 6 || total
-------------------------+-------+-------++-------
Melee: War axe           |    75 |   111 ||   186
       Headbutt          |     7 |    17 ||    24
  Use: Potion            |       |     4 ||     4
       Scroll            |       |     2 ||     2
Armor: Scale mail        |    44 |    66 ||   110
Dodge: Dodged            |    48 |    49 ||    97
Block: Buckler           |    21 |    17 ||    38
